 Dungeon Crawl Stone Soup version 0.24-a0-736-g4e6fe308c7 (webtiles) character file.

Game seed: 13650461312360094639, levelgen mode: deterministic

243 MisterOstroum the Skirmisher (level 5, 19/25 HPs)
             Began as a Felid Transmuter on Oct 2, 2019.
             Quit the game on level 5 of the Dungeon.
             The game lasted 00:24:43 (5520 turns).

MisterOstroum the Skirmisher (Felid Transmuter)     Turns: 5520, Time: 00:24:44

Health: 19/25      AC:  2    Str:  6    XL:     5   Next: 82%
Magic:  9/9        EV: 18    Int: 16    God:
Gold:   199        SH:  0    Dex: 17    Spells: 2/8 levels left
                                        Lives:  0   Deaths: 1

rFire    . . .     SeeInvis +     - Unarmed
rCold    . . .     Gourm    .   (shield unavailable)
rNeg     . . .     Faith    .   (armour unavailable)
rPois    .         Spirit   .   (helmet unavailable)
rElec    .         Reflect  .   (cloak unavailable)
rCorr    .         Harm     .   (gloves unavailable)
MR       .....                  (boots unavailable)
Stlth    +++.......             (no amulet)
HPRegen  0.08/turn              (no ring)
MPRegen  0.11/turn              (no ring)

@: quick
A: very small, no armour, no weapons or thrown items, stealth, claws 1, fangs 3,
see invisible, carnivore, speed 1, shaggy fur 2, slow metabolism 1, sharp paws
a: no special abilities


You were on level 5 of the Dungeon.
You were not hungry.

You visited 1 branch of the dungeon, and saw 5 of its levels.

You collected 199 gold pieces.

Inventory:

Missiles
 a - 22 arrows
Wands
 j - a wand of clouds (6)
 s - a wand of iceblast (6)
Scrolls
 d - 7 scrolls of teleportation {@r3 !r}
 f - 4 scrolls of identify {unknown}
 h - 3 scrolls of enchant armour {unknown}
 l - 2 scrolls of magic mapping {unknown}
 m - a scroll of amnesia
 o - 3 scrolls of remove curse {unknown}
 q - a scroll of random uselessness {unknown}
 u - a scroll of fear {unknown}
Potions
 b - 3 potions of berserk rage
 c - 2 potions of curing
 g - a potion of ambrosia {unknown}
 i - a potion of might {unknown}
 k - 3 potions of heal wounds {unknown}
 n - 2 potions of agility {unknown}
 p - a potion of magic {unknown}
 r - a potion of mutation {unknown}
Comestibles
 e - 11 rations


   Skills:
 + Level 4.4 Fighting
 - Level 2.6 Dodging
 - Level 4.0 Stealth
 + Level 3.4 Unarmed Combat
 - Level 2.0 Spellcasting
 + Level 4.3 Transmutations
 * Level 2.2 Poison Magic


You had 2 spell levels left.
You knew the following spells:

 Your Spells              Type           Power        Failure   Level  Hunger
a - Beastly Appendage     Tmut           ###...       3%          1    #......
b - Sticks to Snakes      Tmut           ###.....     5%          2    ###....
c - Spider Form           Tmut/Pois      ##........   16%         3    ###....

Your spell library contained the following spells:

 Spells                   Type           Power        Failure   Level  Hunger
 Ice Form                 Ice/Tmut       #.......     65%         4    #####..
 Blade Hands              Tmut           ###.......   69%         5    ######.


Dungeon Overview and Level Annotations

Branches:
Dungeon (5/15)
 Temple: D:4-7

Altars:

Shops:
D:4 :

Annotations:
D:4 exclusions: ogre, orc and orc wizard


Innate Abilities, Weirdness & Mutations

You cannot wear armour.
You are incapable of wielding weapons or throwing items.
Your paws allow you to move quietly. (Stealth)
You have sharp claws.
You have razor-sharp teeth.
You have supernaturally acute eyesight. (SInv)
You are carnivorous and can eat meat at any time.
You cover ground quickly.
You are covered in thick fur. (AC +2)
You have a slow metabolism.
Your sharp claws are effective at attacking unaware monsters.


Message History

The crimson imp shouts, "Take thy face hence, thou clouted dizzy-eyed clam!"
You hit the ogre but do no damage.
The ogre is moderately wounded.
The ogre misses you.
You hit the ogre.
The ogre is moderately wounded.
You hit the ogre.
The ogre is poisoned.
The ogre is heavily wounded.
The ogre completely misses you.
The orc wizard mumbles some strange words.
The orc wizard flickers and vanishes for a moment.
You hit the ogre.
The ogre looks even sicker.
The ogre is severely wounded.
The ogre completely misses you.
Your transformation is almost over.
An orc priest comes into view.
It is wielding a +0 hand axe of chopping.
The orc completely misses you.
The orc priest shouts!
You hit the orc.
The orc is moderately wounded.
The quokka barely misses you. The orc closely misses you.
The orc priest casts a cantrip, but nothing happens.
The jelly quivers.
You hit the ogre.
The ogre is severely wounded.
The quokka bites you. The orc misses you. The ogre misses you.
The crimson imp misses you. The orc hits you with a +0 whip.
The jelly hits you.
You are splashed with acid!
The crimson imp closely misses you.
A hound zombie comes into view.
The orc barely misses you.
The orc wizard is no longer moving quickly.
The jelly misses you. The crimson imp completely misses you.
The quokka misses you.
You kill the ogre!
Your Poison Magic skill increases to level 2!
An adder comes into view.
The orc wizard closely misses you. The orc priest closely misses you.
The adder hisses angrily.
You bite the orc priest!
The orc priest is poisoned.
The orc priest is heavily wounded.
The orc wizard points at you and mumbles some strange words.
The puff of frost hits you!
* * * LOW HITPOINT WARNING * * *
The jelly hits you but does no damage. The crimson imp barely misses you.
The orc wizard closely misses you.
You hit the orc priest.
The orc priest is severely wounded.
Your transformation has ended.
The orc priest closely misses you. The jelly hits you but does no damage.
The orc wizard closely misses you.
The crimson imp hits you but does no damage.
The orc wizard begins to cast a cantrip, but forgets the words!
You completely miss the orc priest.
You bite the orc priest, but do no damage.
The orc priest is severely wounded.
The quokka bites you.
* * * LOW HITPOINT WARNING * * *
The jelly hits you but does no damage.
The orc wizard hits you with a +0 dagger.
* * * LOW HITPOINT WARNING * * *
The orc priest drinks a potion.
The orc priest is healed!
The orc priest looks more healthy.
The crimson imp closely misses you. The hound zombie bites you.
* * * LOW HITPOINT WARNING * * *
The orc wizard completely misses you.
Okay, then.
You scratch the orc priest.
The orc priest is almost dead.
The quokka misses you. The hound zombie barely misses you. The jelly hits you.
* * * LOW HITPOINT WARNING * * *
You are splashed with acid!
You die...
The orc priest closely misses you.
The orc wizard hits you but does no damage.
The crimson imp grinds its teeth.
The crimson imp closely misses you.
The orc wizard hits you but does no damage.
The quokka barely misses you.
You are now level 5!
You rejoin the land of the living...
A crimson imp comes into view.
The crimson imp closely misses you.
You barely miss the crimson imp.
The crimson imp blinks!
You scratch the crimson imp. Your bite misses the crimson imp.
The crimson imp is lightly wounded.
The crimson imp blinks!
Unknown command.
Unknown command.
Unknown command.
Unknown command.
You scratch the crimson imp but do no damage.
Your bite misses the crimson imp. The crimson imp misses you.
You scratch the crimson imp.
The crimson imp is heavily wounded.
The crimson imp hits you.
You closely miss the crimson imp. You bite the crimson imp.
The crimson imp is heavily wounded.
The crimson imp hits you.
Are you sure you want to abandon this character and quit the game? (Confirm with "yes".)

... .. .. ###. ..... #..
..... #.# .....
#########.####### .....
#................>. .....
#.#######@######.... ....
##5# #.#..## ### ##..#
#.#.... #.. #..##
#.##.#.##..
.#####.########.##.......
#................#
.#.....
#..####.........<# #.....
#.......[..# #.....
#...............###.


You could see a crimson imp.

Vanquished Creatures
  An ogre (D:5)
  A scorpion (D:4)
  2 hounds (D:4)
  An orc wizard (D:3)
  3 worker ants (D:4)
  3 adders
  2 gnolls (D:4)
  A howler monkey skeleton (D:4)
  2 oozes (D:2)
  2 worms (D:3)
  3 dart slugs
  2 leopard geckos
  19 orcs
  3 ball pythons
  5 giant cockroaches
  11 goblins
  9 hobgoblins
  3 jackals (D:2)
  15 kobolds
  2 quokkas (D:3)
  2 bats
  3 frilled lizards
  7 rats
102 creatures vanquished.

Vanquished Creatures (collateral kills)
  An adder (D:2)
  A dart slug (D:2)
2 creatures vanquished.

Grand Total: 104 creatures vanquished

Notes
Turn   | Place    | Note
-------+----------+-------------------------------------------
     0 | D:1      | MisterOstroum the Felid Transmuter began the quest for the
                  | Orb.
     0 | D:1      | Reached XP level 1. HP: 9/9 MP: 4/4
   415 | D:1      | Reached skill level 1 in Stealth
   415 | D:1      | Reached XP level 2. HP: 13/13 MP: 6/6
   731 | D:2      | Learned a level 2 spell: Sticks to Snakes
  1037 | D:2      | Reached XP level 3. HP: 14/16 MP: 5/7
  1108 | D:2      | Learned a level 3 spell: Spider Form
  2153 | D:3      | Reached XP level 4. HP: 19/19 MP: 8/8
  3401 | D:3      | Reached XP level 5. HP: 23/24 MP: 2/9
  3756 | D:4      | Reached skill level 1 in Poison Magic
  3833 | D:4      | Noticed an ogre
  4197 | D:4      | Gained mutation: You are covered in thick fur. (AC +2)
                  | [Felid growth]
  4197 | D:4      | Reached XP level 6. HP: 28/28 MP: 10/10
  4872 | D:4      | Found Wykaefemp's Book Boutique.
  5341 | D:5      | Entered Level 5 of the Dungeon
  5501 | D:5      | HP: 1/29 [hound zombie (1)]
  5502 | D:5      | Splashed by a jelly's acid
  5503 | D:5      | Reached XP level 5. HP: -7/25 MP: 3/9
  5520 | D:5      | Quit the game

Levels and vault maps discovered:
D:1:      nicolae_arrival_memento_mori, layout_loops_ring
D:2:      layout_rooms, dk_noncrumbling_3, st_stairs_8
D:3:      layout_loops_ring, minmay_three_crescents
D:4:      corexii_shantytown, layout_cave_pods, serial_shops, shop
D:5:      layout_rooms, first_ration, uniq_duvessa

Skill      XL: |  1  2  3  4  5  6 |
---------------+-------------------+-----
Fighting       | 2 3 4 |  4.4
Stealth        | 1 3 4 |  4.0
Transmutations | 3 4 |  4.3
Poison Magic   | 1 2 |  2.2
Dodging        | |  2.6
Unarmed Combat | |  3.4
Spellcasting   | |  2.0

Action                   |  1- 3 |  4- 6 || total
-------------------------+-------+-------++-------
Melee: Unarmed           |   103 |   211 ||   314
       Headbutt          |     4 |     2 ||     6
       Bite              |    10 |    13 ||    23
       Punch             |     1 |       ||     1
 Cast: Beastly Appendage |     4 |     3 ||     7
       Sticks to Snakes  |     2 |     4 ||     6
       Spider Form       |       |     8 ||     8
 Abil: End Transformatio |       |     1 ||     1
  Use: Scroll            |     2 |       ||     2
       Potion            |     1 |       ||     1
 Stab: Sleeping          |    11 |    26 ||    37
       Distracted        |       |     1 ||     1
  Eat: Chunk             |    10 |     8 ||    18
Armor: Skin              |     4 |    16 ||    20
Dodge: Dodged            |    63 |   148 ||   211

Table legend:
 A = Non-vault XP
 B = Vault XP
 C = Vault XP percentage of total XP
 D = Non-vault monster count
 E = Vault monster count
 F = Vault count percentage of total count
                 A         B        C        D         E       F
            +---------+---------+-------+---------+---------+-------
      Total |     529 |     144 |  21.4 |      64 |      40 |  38.5
            +---------+---------+-------+---------+---------+-------
        D:1 |      17 |       0 |   0.0 |       8 |       0 |   0.0
        D:2 |      49 |       2 |   3.9 |      18 |       1 |   5.3
        D:3 |      80 |      51 |  38.9 |      24 |       6 |  20.0
        D:4 |     277 |      91 |  24.7 |      13 |      33 |  71.7
        D:5 |     106 |       0 |   0.0 |       1 |       0 |   0.0
            +---------+---------+-------+---------+---------+-------
